| TOP OF THE 1ST |
|
Indianapolis Indians batting - Pitching for Albuquerque Isotopes : RHP Mark Hincks
|
|
Pitching: RHP Mark Hincks
|
|
|
Batting: RHB Jerry Escamilla
|
0-0: Ball 1-0: Ball 2-0: Ball 3-0: Base on Balls
|
|
Batting: RHB Bubba Tierney
|
0-0: Called Strike Jerry Escamilla steals 2nd base 0-1: Ball 1-1: Foul Ball, location: 2F 1-2: Ball 2-2: SINGLE (Groundball, 25, EV 66.2 MPH) (infield hit) Jerry Escamilla to third
|
|
Batting: LHB Edwin Aguilar
|
0-0: Ball 1-0: Called Strike Bubba Tierney is caught stealing 2nd base 2-6 1-1: Foul Ball, location: 2F 1-2: Foul Ball, location: 2F 1-2: SINGLE (Groundball, 4D, EV 106.2 MPH) Jerry Escamilla scores
|
|
Batting: LHB Alberto Figueroa
|
0-0: Ball 1-0: Grounds into double play, 4-6-3 (Groundball, 4, EV 98.8 MPH)
|
| Top of the 1st over - 1 run, 2 hits, 0 errors, 0 left on base; Indianapolis 1 - Albuquerque 0 |
| BOTTOM OF THE 1ST |
|
Albuquerque Isotopes batting - Pitching for Indianapolis Indians : RHP Dave Spriggs
|
|
Pitching: RHP Dave Spriggs
|
|
|
Batting: LHB Alfredo de la Cruz
|
0-0: Called Strike 0-1: Foul Ball, location: 2F 0-2: SINGLE (Groundball, 34S, EV 66.9 MPH) (infield hit)
|
|
Batting: RHB Sadataka Kuwahara
|
0-0: Ball 1-0: SINGLE (Line Drive, 9LS, EV 95.0 MPH) Alfredo de la Cruz to second Runner from 2nd tries for 3rd, SAFE, throw by RF made to third
|
|
Batting: SHB Jamel Wright
|
0-0: Called Strike 0-1: DOUBLE (Flyball, 89D, EV 99.4 MPH) Alfredo de la Cruz scores Sadataka Kuwahara to third
|
|
Batting: RHB Chris King
|
0-0: Ball 1-0: Ground out 4-3 (Groundball, 4, EV 83.1 MPH) Sadataka Kuwahara scores Jamel Wright to third
|
|
Batting: LHB Adam Hill
|
0-0: SINGLE (Line Drive, 6MD, EV 109.4 MPH) Jamel Wright scores
|
|
Batting: LHB Gabe Harvey
|
0-0: Called Strike 0-1: Called Strike 0-2: Ball 1-2: Ball 2-2: Foul Ball, location: 2F 2-2: Ball 3-2: SINGLE (Groundball, 56D, EV 100.0 MPH) Adam Hill to second
|
|
Batting: RHB Mike Ball
|
0-0: Called Strike 0-1: Ball 1-1: Ball 2-1: Ball 3-1: Swinging Strike 3-2: 3-RUN HOME RUN (Line Drive, 7LD, EV 94.4 MPH), Distance : 353 ft
|
|
Batting: SHB Mitchell Greene
|
0-0: Ball 1-0: Foul Ball, location: 2F 1-1: Called Strike 1-2: Ball 2-2: Strikes out swinging
|
|
Batting: SHB Mike Williams
|
0-0: Swinging Strike 0-1: Swinging Strike 0-2: Ball 1-2: Foul Ball, location: 2F 1-2: Ball 2-2: Fly out, F8 (Flyball, 8LM, EV 88.8 MPH)
|
| Bottom of the 1st over - 6 runs, 6 hits, 0 errors, 0 left on base; Indianapolis 1 - Albuquerque 6 |
| TOP OF THE 2ND |
|
Indianapolis Indians batting - Pitching for Albuquerque Isotopes : RHP Mark Hincks
|
|
Batting: RHB Chris Pozzi
|
0-0: Foul Ball, location: 2F 0-1: Ball 1-1: Ball 2-1: Foul Ball, location: 2F 2-2: Hit by Pitch
|
|
Batting: RHB Adam Kaeser
|
0-0: Ball Chris Pozzi steals 2nd base 1-0: Ball 2-0: Ball 3-0: Base on Balls
|
|
Batting: RHB Jason Gee
|
0-0: Called Strike 0-1: Foul Ball, location: 2F 0-2: Foul Ball, location: 2F 0-2: Foul Ball, location: 2F 0-2: Foul Ball, location: 2F 0-2: Fielders Choice at 2nd, 6-4 (Groundball, 6, EV 110.6 MPH) Chris Pozzi to third
|
|
Batting: LHB Jorge Quintana
|
0-0: Called Strike 0-1: Foul Ball, location: 2F 0-2: Ball 1-2: Strikes out looking
|
|
Batting: RHB Slamet Pamungkas
|
0-0: Ball 1-0: DOUBLE (Line Drive, 8LD, EV 109.4 MPH) Chris Pozzi scores Jason Gee to third Runner from 3rd tries for Home, SAFE, no throw by CF
|
|
Batting: RHB Jerry Escamilla
|
0-0: Called Strike 0-1: Ball 1-1: Foul Ball, location: 2F 1-2: Ground out 4-3 (Groundball, 4, EV 78.1 MPH)
|
| Top of the 2nd over - 2 runs, 1 hit, 0 errors, 1 left on base; Indianapolis 3 - Albuquerque 6 |
| BOTTOM OF THE 2ND |
|
Albuquerque Isotopes batting - Pitching for Indianapolis Indians : RHP Dave Spriggs
|
|
Batting: LHB Alfredo de la Cruz
|
0-0: DOUBLE (Line Drive, 9LD, EV 108.1 MPH)
|
|
Pitching: RHP Mitch Ingerson
|
|
|
Batting: RHB Sadataka Kuwahara
|
0-0: Called Strike 0-1: Fly out, F9 (Flyball, 9, EV 84.4 MPH)
|
|
Batting: SHB Jamel Wright
|
0-0: Ball 1-0: Swinging Strike 1-1: Ball 2-1: SINGLE (Flyball, 8RS, EV 91.2 MPH) Alfredo de la Cruz to third
|
|
Batting: RHB Chris King
|
0-0: Ball 1-0: Ball 2-0: Ball 3-0: Fly out, F8 (Flyball, 8LD, EV 90.0 MPH) Runner from 3rd tags up, SCORES, no throw by CF
|
|
Batting: LHB Adam Hill
|
0-0: Called Strike Jamel Wright steals 2nd base 0-1: Ball 1-1: Called Strike 1-2: Ball 2-2: Strikes out swinging passed ball, reaches first! Jamel Wright to third
|
|
Batting: LHB Gabe Harvey
|
0-0: Ball 1-0: Swinging Strike 1-1: Called Strike 1-2: Strikes out swinging
|
| Bottom of the 2nd over - 1 run, 2 hits, 0 errors, 2 left on base; Indianapolis 3 - Albuquerque 7 |
| TOP OF THE 3RD |
|
Indianapolis Indians batting - Pitching for Albuquerque Isotopes : RHP Mark Hincks
|
|
Batting: RHB Bubba Tierney
|
0-0: Foul Ball, location: 2F 0-1: Ball 1-1: Ball 2-1: Swinging Strike 2-2: Ground out 6-3 (Groundball, 6, EV 91.2 MPH)
|
|
Batting: LHB Edwin Aguilar
|
0-0: Called Strike 0-1: Ball 1-1: Called Strike 1-2: Ball 2-2: Strikes out swinging
|
|
Batting: LHB Alberto Figueroa
|
0-0: Swinging Strike 0-1: Ball 1-1: Ball 2-1: Ball 3-1: Swinging Strike 3-2: Base on Balls
|
|
Batting: RHB Chris Pozzi
|
0-0: Foul Ball, location: 2F 0-1: Ball 1-1: Ball 2-1: Swinging Strike 2-2: Ball 3-2: Foul Ball, location: 2F 3-2: Ground out 5-3 (Groundball, 25, EV 81.2 MPH)
|
| Top of the 3rd over - 0 runs, 0 hits, 0 errors, 1 left on base; Indianapolis 3 - Albuquerque 7 |
| BOTTOM OF THE 3RD |
|
Albuquerque Isotopes batting - Pitching for Indianapolis Indians : RHP Mitch Ingerson
|
|
Batting: RHB Mike Ball
|
0-0: Swinging Strike 0-1: Ball 1-1: Foul Ball, location: 2F 1-2: Ball 2-2: SINGLE (Groundball, 34D, EV 98.8 MPH)
|
|
Batting: SHB Mitchell Greene
|
0-0: Grounds into double play, 6-4-3 (Groundball, 6, EV 97.5 MPH)
|
|
Batting: SHB Mike Williams
|
0-0: Called Strike 0-1: Ball 1-1: Called Strike 1-2: Ball 2-2: Strikes out swinging
|
| Bottom of the 3rd over - 0 runs, 1 hit, 0 errors, 0 left on base; Indianapolis 3 - Albuquerque 7 |
| TOP OF THE 4TH |
|
Indianapolis Indians batting - Pitching for Albuquerque Isotopes : RHP Mark Hincks
|
|
Batting: RHB Adam Kaeser
|
0-0: Foul Ball, location: 2F 0-1: Ball 1-1: Foul Ball, location: 2F 1-2: Fly out, F5 (Popup, 56S, EV 78.1 MPH)
|
|
Batting: RHB Jason Gee
|
0-0: Ball 1-0: Ball 2-0: Ball 3-0: Ground out 5-3 (Groundball, 56S, EV 80.0 MPH)
|
|
Batting: LHB Jorge Quintana
|
0-0: Called Strike 0-1: Swinging Strike 0-2: Ball 1-2: Ball 2-2: Strikes out looking
|
| Top of the 4th over - 0 runs, 0 hits, 0 errors, 0 left on base; Indianapolis 3 - Albuquerque 7 |
| BOTTOM OF THE 4TH |
|
Albuquerque Isotopes batting - Pitching for Indianapolis Indians : RHP Mitch Ingerson
|
|
Batting: LHB Alfredo de la Cruz
|
0-0: SINGLE (Flyball, 78S, EV 95.6 MPH)
|
|
Batting: RHB Sadataka Kuwahara
|
0-0: Called Strike 0-1: Foul Ball, location: 2F 0-2: Ball 1-2: Strikes out swinging
|
|
Batting: SHB Jamel Wright
|
0-0: Ball Alfredo de la Cruz is caught stealing 2nd base 2-6 1-0: Foul Ball, location: 2F 1-1: Ball 2-1: Foul Ball, location: 2F 2-2: Ball 3-2: Foul Ball, location: 2F 3-2: Foul Ball, location: 2F 3-2: Foul Ball, location: 2F 3-2: Ground out 5-3 (Groundball, 56, EV 100.0 MPH)
|
| Bottom of the 4th over - 0 runs, 1 hit, 0 errors, 0 left on base; Indianapolis 3 - Albuquerque 7 |
| TOP OF THE 5TH |
|
Indianapolis Indians batting - Pitching for Albuquerque Isotopes : RHP Mark Hincks
|
|
Batting: RHB Slamet Pamungkas
|
0-0: Called Strike 0-1: Ground out 6-3 (Groundball, 6, EV 85.6 MPH)
|
|
Batting: RHB Jerry Escamilla
|
0-0: Called Strike 0-1: Ground out 4-3 (Groundball, 4, EV 88.1 MPH)
|
|
Batting: RHB Bubba Tierney
|
0-0: Ground out 5-3 (Groundball, 56, EV 105.6 MPH)
|
| Top of the 5th over - 0 runs, 0 hits, 0 errors, 0 left on base; Indianapolis 3 - Albuquerque 7 |
| BOTTOM OF THE 5TH |
|
Albuquerque Isotopes batting - Pitching for Indianapolis Indians : RHP Mitch Ingerson
|
|
Batting: RHB Chris King
|
0-0: Ball 1-0: Foul Ball, location: 2F 1-1: Ball 2-1: Swinging Strike 2-2: Fly out, F7 (Line Drive, 7, EV 86.9 MPH)
|
|
Batting: LHB Adam Hill
|
0-0: Called Strike 0-1: Swinging Strike 0-2: SINGLE (Groundball, 25, EV 66.2 MPH) (infield hit)
|
|
Batting: LHB Gabe Harvey
|
0-0: Ball 1-0: Ball 2-0: Ball 3-0: Base on Balls Adam Hill to second
|
|
Batting: RHB Mike Ball
|
0-0: Ball 1-0: Swinging Strike 1-1: Ball 2-1: SINGLE (Line Drive, 8LS, EV 91.9 MPH) Adam Hill to third Gabe Harvey to second Runner from 3rd tries for Home, throw by CF and OUT! 8-2
|
|
Batting: SHB Mitchell Greene
|
0-0: Called Strike 0-1: Ball 1-1: Foul Ball, location: 2F 1-2: 3-RUN HOME RUN (Flyball, 9LD, EV 91.2 MPH), Distance : 356 ft
|
|
Batting: SHB Mike Williams
|
0-0: Ball 1-0: Swinging Strike 1-1: Ball 2-1: Ball 3-1: Base on Balls
|
|
Batting: LHB Alfredo de la Cruz
|
0-0: Foul Ball, location: 2F 0-1: Ball 1-1: Ball 2-1: Ball 3-1: Base on Balls Mike Williams to second
|
|
Batting: RHB Sadataka Kuwahara
|
0-0: Called Strike 0-1: Fly out, F9 (Flyball, 9D, EV 97.5 MPH)
|
| Bottom of the 5th over - 3 runs, 3 hits, 0 errors, 2 left on base; Indianapolis 3 - Albuquerque 10 |
| TOP OF THE 6TH |
|
Indianapolis Indians batting - Pitching for Albuquerque Isotopes : RHP Mark Hincks
|
|
Batting: LHB Edwin Aguilar
|
0-0: Called Strike 0-1: Ground out U3 (Groundball, 3, EV 88.8 MPH)
|
|
Batting: LHB Alberto Figueroa
|
0-0: Called Strike 0-1: SOLO HOME RUN (Flyball, 7D, EV 96.9 MPH), Distance : 367 ft
|
|
Batting: RHB Chris Pozzi
|
0-0: Ball 1-0: Foul Ball, location: 2F 1-1: Foul Ball, location: 2F 1-2: Ball 2-2: Ground out U3 (Groundball, 3S, EV 73.8 MPH)
|
|
Batting: RHB Adam Kaeser
|
0-0: Ball 1-0: Swinging Strike 1-1: Ball 2-1: Ball 3-1: Base on Balls
|
|
Batting: RHB Jason Gee
|
0-0: Called Strike 0-1: Foul Ball, location: 2F 0-2: Ball 1-2: Ball 2-2: Ball 3-2: Base on Balls Adam Kaeser to second
|
|
Pitching: RHP Jose Lopez
|
|
|
Batting: LHB Jorge Quintana
|
0-0: Ball 1-0: SINGLE (Line Drive, 8LS, EV 110.0 MPH) Adam Kaeser to third Jason Gee to second
|
|
Batting: RHB Slamet Pamungkas
|
0-0: Swinging Strike 0-1: Ground out 2-3 (Groundball, 2L, EV 75.0 MPH)
|
| Top of the 6th over - 1 run, 2 hits, 0 errors, 3 left on base; Indianapolis 4 - Albuquerque 10 |
| BOTTOM OF THE 6TH |
|
Albuquerque Isotopes batting - Pitching for Indianapolis Indians : RHP Mitch Ingerson
|
|
Batting: SHB Jamel Wright
|
0-0: SINGLE (Flyball, 8RS, EV 91.2 MPH)
|
|
Pitching: LHP Josh Ramirez
|
|
|
Batting: RHB Chris King
|
0-0: Fly out, F8 (Flyball, 8LM, EV 93.8 MPH)
|
|
Batting: LHB Adam Hill
|
0-0: Ball 1-0: Ball 2-0: DOUBLE (Flyball, 78D, EV 88.1 MPH) Jamel Wright to third
|
|
Batting: LHB Gabe Harvey
|
0-0: Ball 1-0: Foul Ball, location: 2F 1-1: DOUBLE (Groundball, 3L, EV 103.1 MPH) Jamel Wright scores Adam Hill scores
|
|
Batting: RHB Mike Ball
|
0-0: Ball 1-0: Called Strike 1-1: Swinging Strike 1-2: Ball Wild Pitch! Gabe Harvey to third 2-2: Strikes out swinging
|
|
Batting: SHB Mitchell Greene
|
0-0: Ball 1-0: Called Strike 1-1: Called Strike 1-2: Ball 2-2: Strikes out swinging
|
| Bottom of the 6th over - 2 runs, 3 hits, 0 errors, 1 left on base; Indianapolis 4 - Albuquerque 12 |
| TOP OF THE 7TH |
|
Indianapolis Indians batting - Pitching for Albuquerque Isotopes : RHP Jose Lopez
|
|
Batting: RHB Jerry Escamilla
|
0-0: Ball 1-0: Swinging Strike 1-1: Swinging Strike 1-2: Ball 2-2: Strikes out swinging, 2-3 out at first.
|
|
Pinch Hitting: RHB Matt Keef
|
0-0: Called Strike 0-1: Ground out 6-3 (Groundball, 56, EV 86.9 MPH)
|
|
Batting: LHB Edwin Aguilar
|
0-0: Swinging Strike 0-1: Foul Ball, location: 2F 0-2: Foul Ball, location: 2F 0-2: Strikes out looking
|
| Top of the 7th over - 0 runs, 0 hits, 0 errors, 0 left on base; Indianapolis 4 - Albuquerque 12 |
| BOTTOM OF THE 7TH |
|
Albuquerque Isotopes batting - Pitching for Indianapolis Indians : LHP Josh Ramirez
|
|
Now at 1B: Matt Keef
|
|
|
Now at SS: Jason Gee
|
|
|
Batting: SHB Mike Williams
|
0-0: Foul Ball, location: 2F 0-1: Ball 1-1: Ball 2-1: SINGLE (Flyball, 89S, EV 88.1 MPH)
|
|
Batting: LHB Alfredo de la Cruz
|
0-0: Ball 1-0: Called Strike 1-1: Ball 2-1: Foul Ball, location: 2F 2-2: Ball 3-2: Base on Balls Mike Williams to second
|
|
Pinch Hitting: RHB Logan Morgan
|
0-0: Ball 1-0: Called Strike 1-1: Ball 2-1: Ball 3-1: Base on Balls Mike Williams to third Alfredo de la Cruz to second
|
|
Batting: SHB Jamel Wright
|
0-0: Called Strike 0-1: Ball 1-1: Ball 2-1: Fly out, F4 (Popup, 23, EV 81.9 MPH)
|
|
Batting: RHB Chris King
|
0-0: Called Strike 0-1: Foul Ball, location: 2F 0-2: Strikes out looking
|
|
Batting: LHB Adam Hill
|
0-0: Ground out 4-3 (Groundball, 34, EV 83.1 MPH)
|
| Bottom of the 7th over - 0 runs, 1 hit, 0 errors, 3 left on base; Indianapolis 4 - Albuquerque 12 |
| TOP OF THE 8TH |
|
Indianapolis Indians batting - Pitching for Albuquerque Isotopes : RHP Jose Lopez
|
|
Now at 2B: Logan Morgan
|
|
|
Batting: LHB Alberto Figueroa
|
0-0: Ball 1-0: Ball 2-0: Called Strike 2-1: Fly out, F6 (Popup, 6, EV 53.8 MPH)
|
|
Batting: RHB Chris Pozzi
|
0-0: SINGLE (Groundball, 4S, EV 71.2 MPH) (infield hit)
|
|
Batting: RHB Adam Kaeser
|
0-0: Foul Ball, location: 2F 0-1: Called Strike 0-2: Strikes out swinging
|
|
Pinch Hitting: RHB Isaiah Yarbrough
|
0-0: Foul Ball, location: 2F 0-1: SINGLE (Groundball, 4M, EV 100.0 MPH) (infield hit) Chris Pozzi to second
|
|
Batting: LHB Jorge Quintana
|
0-0: Ball 1-0: Ball 2-0: Called Strike 2-1: Called Strike 2-2: Fly out, F9 (Flyball, 9D, EV 96.2 MPH)
|
| Top of the 8th over - 0 runs, 2 hits, 0 errors, 2 left on base; Indianapolis 4 - Albuquerque 12 |
| BOTTOM OF THE 8TH |
|
Albuquerque Isotopes batting - Pitching for Indianapolis Indians : LHP Josh Ramirez
|
|
Now at 1B: Jerry Escamilla
|
|
|
Now at 2B: Matt Keef
|
|
|
Now at 3B: Isaiah Yarbrough
|
|
|
Now at SS: Slamet Pamungkas
|
|
|
Batting: LHB Gabe Harvey
|
0-0: Ball 1-0: Foul Ball, location: 2F 1-1: DOUBLE (Flyball, 78XD, EV 96.9 MPH)
|
|
Batting: RHB Mike Ball
|
0-0: Called Strike 0-1: SINGLE (Groundball, 56D, EV 96.2 MPH) Gabe Harvey to third
|
|
Batting: SHB Mitchell Greene
|
0-0: SINGLE (Groundball, 6MD, EV 110.0 MPH) Gabe Harvey scores Mike Ball to second
|
|
Batting: SHB Mike Williams
|
0-0: Fielders Choice at 2nd, 3-6 (Groundball, 34, EV 89.4 MPH) Mike Ball to third
|
|
Batting: LHB Alfredo de la Cruz
|
0-0: Ball 1-0: Foul Ball, location: 2F 1-1: Ball 2-1: DOUBLE (Line Drive, 78XD, EV 106.2 MPH) Mike Ball scores Mike Williams to third
|
|
Pitching: RHP Hugo Rodriguez
|
|
|
Batting: RHB Logan Morgan
|
0-0: Called Strike 0-1: Ball 1-1: 3-RUN HOME RUN (Line Drive, 78XD, EV 111.2 MPH), Distance : 424 ft
|
|
Batting: SHB Jamel Wright
|
0-0: Ball 1-0: DOUBLE (Groundball, 3L, EV 107.5 MPH)
|
|
Batting: RHB Chris King
|
0-0: Ball 1-0: Foul Ball, location: 2F 1-1: SINGLE (Groundball, 5D, EV 103.1 MPH) Jamel Wright to third Runner from 3rd tries for Home, SAFE, throw by LF to home
|
|
Batting: LHB Adam Hill
|
0-0: Ball 1-0: Ball 2-0: Ball 3-0: Base on Balls Chris King to second
|
|
Batting: LHB Gabe Harvey
|
0-0: Called Strike 0-1: Foul Ball, location: 2F 0-2: Ball 1-2: Strikes out swinging
|
|
Batting: RHB Mike Ball
|
0-0: Called Strike 0-1: Foul Ball, location: 2F 0-2: Ground out 4-3 (Groundball, 4, EV 100.0 MPH)
|
| Bottom of the 8th over - 6 runs, 7 hits, 0 errors, 2 left on base; Indianapolis 4 - Albuquerque 18 |
| TOP OF THE 9TH |
|
Indianapolis Indians batting - Pitching for Albuquerque Isotopes : RHP Jose Lopez
|
|
Batting: RHB Slamet Pamungkas
|
0-0: Called Strike 0-1: Ball 1-1: Ball 2-1: Called Strike 2-2: Foul Ball, location: 2F 2-2: Ball 3-2: Strikes out swinging
|
|
Batting: RHB Jerry Escamilla
|
0-0: Ball 1-0: Ball 2-0: Ball 3-0: Called Strike 3-1: Fly out, F8 (Flyball, 8RM, EV 83.8 MPH)
|
|
Batting: RHB Matt Keef
|
0-0: Ball 1-0: Ball 2-0: Ground out 5-3 (Groundball, 56, EV 82.5 MPH)
|
| Top of the 9th over - 0 runs, 0 hits, 0 errors, 0 left on base; Indianapolis 4 - Albuquerque 18 |
|